 Dungeon Crawl Stone Soup version 0.27.1-3-gb3d3a73c9e (webtiles) character file.

Game seed: 15153748642954085273

472 pkoi the Ruffian (level 6, -5/59 HPs)
             Began as a Troll Monk on Oct 13, 2021.
             Was a Believer of Uskayaw.
             Slain by a wyvern skeleton (13 damage)
             ... on level 5 of the Dungeon.
             The game lasted 00:05:15 (3138 turns).

pkoi the Ruffian (Troll Monk)                       Turns: 3138, Time: 00:05:15

Health: -5/59      AC:  5    Str: 22    XL:     6   Next: 83%
Magic:  5/5        EV: 10    Int:  6    God:    Uskayaw [**....]
Gold:   131        SH:  0    Dex: 12    Spells: 5/5 levels left

rFire    . . .     SeeInvis .     - Unarmed
rCold    . . .     Faith    .   (no shield)
rNeg     . . .     Spirit   .   a - +0 robe
rPois    .         Reflect  .   (helmet restricted)
rElec    .         Harm     .   c - +0 cloak
rCorr    .         Rampage  .   (gloves unavailable)
Will     .....                  (boots unavailable)
Stlth    ++........             (no amulet)
HPRegen  1.19/turn              (no ring)
MPRegen  0.09/turn              (no ring)

@: lethally poisoned (-5 -> -5)
A: large, unfitting armour, claws 3, regeneration 1, shaggy fur 1, tough skin 1
a: Renounce Religion, Stomp, Line Pass


You were on level 5 of the Dungeon.
You worshipped Uskayaw.
Uskayaw was noncommittal.
You visited 2 branches of the dungeon, and saw 6 of its levels.
You also visited: Sewer.

You collected 131 gold pieces.

Inventory:

Armour
 a - a +0 robe (worn)
 c - a +0 cloak (worn)
Wands
 w - a wand of iceblast (7)
Scrolls
 f - a scroll of noise {unknown}
 h - 2 scrolls of teleportation {unknown}
 i - a scroll of identify
 m - 2 scrolls of summoning {unknown}
 n - 3 scrolls of fear {unknown}
 o - a scroll of brand weapon {unknown}
 p - a scroll of fog {unknown}
 r - 2 scrolls of enchant armour {unknown}
 u - a scroll of silence {unknown}
 v - a scroll of amnesia {unknown}
Potions
 b - a potion of berserk rage {unknown}
 d - a potion of mutation {unknown}
 e - 3 potions of might
 g - 5 potions of heal wounds {unknown}
 j - a potion of invisibility {unknown}
 k - a potion of brilliance {unknown}
 l - a potion of haste {unknown}
 q - a potion of cancellation {unknown}
 s - a potion of experience {unknown}
 t - a potion of lignification {unknown}
 x - a potion of degeneration {unknown}


   Skills:
 - Level 2.4 Fighting
 - Level 2.4 Dodging
 - Level 1.0 Stealth
 + Level 7.8 Unarmed Combat


You had 5 spell levels left.
You didn't know any spells.
Your spell library contained the following spells:

 Spells                   Type           Power      Damage    Failure   Level
 Gell's Gravitas          Tloc           0%         N/A       83%         3
 Inner Flame              Hex/Fire       0%         N/A       83%         3
 Teleport Other           Tloc           0%         N/A       83%         3
 Cause Fear               Hex            0%         N/A       99%         4
 Dispersal                Tloc           0%         N/A       100%        6
 Discord                  Hex            0%         N/A       100%        8


Dungeon Overview and Level Annotations

Branches:
Dungeon (5/15)             Temple (1/1) D:4           Sewer (visited)

Altars:
Ashenzari
Cheibriados
Dithmenos
Elyvilon
Fedhas
Gozag
Kikubaaqudgha
Makhleb
Okawaru
Trog
Uskayaw
Vehumet
Wu Jian
Xom
Zin


Innate Abilities, Weirdness & Mutations

You are too large for most types of armour.
You have claws for hands.
Your natural rate of healing is unusually fast.
You are covered in fur. (AC +1)
You have tough skin. (AC +1)


Message History

You claw the wyvern skeleton!
The wyvern skeleton is moderately damaged.
The adder closely misses you. The wyvern skeleton bites you.
The adder bites you.
You scratch the wyvern skeleton but do no damage.
The wyvern skeleton is moderately damaged.
The wyvern skeleton bites you! The adder bites you.
You are poisoned.
The adder poisons you!
You are too injured to fight recklessly!
You are too injured to fight recklessly!
You are too injured to fight recklessly!
You are too injured to fight recklessly!
You are too injured to fight recklessly!
You are too injured to fight recklessly!
You are too injured to fight recklessly!
You are too injured to fight recklessly!
You are too injured to fight recklessly!
You are too injured to fight recklessly!
You are too injured to fight recklessly!
Unknown command.
You barely miss the adder. Your claw misses the adder.
You feel sick. The wyvern skeleton barely misses you.
The adder bites you but does no damage.
You scratch the adder.
The adder is moderately wounded.
You feel sick. The wyvern skeleton bites you!
* * * LOW HITPOINT WARNING * * *
The adder closely misses you.
Unknown command.
You scratch the adder but do no damage.
The adder is moderately wounded.
You feel sick. The wyvern skeleton bites you!
* * * LOW HITPOINT WARNING * * *
The adder bites you.
* * * LOW HITPOINT WARNING * * *
Unknown command.
You claw the adder!
The adder is almost dead.
You feel sick. The wyvern skeleton bites you!
You die...

#.#.# .... #.#.# ....
#.#.# ..... # #.#.# .....
#.####### #.#.#......
........# #.#.#......
#.......# #.#.Z......
#......(####..@S......
#...............####
####....########
#.........# ######
#.##......#####....######
#..............<.......
#.................#####
#....##...........#
#....##...........#


You could see an adder and a wyvern skeleton.

Vanquished Creatures
  2 bullfrogs (Sewer)
  2 water moccasin skeletons (D:5)
  6 adders
  10 river rats
  5 worms
  2 dart slugs (D:2)
  8 endoplasms
  4 giant cockroaches
  7 goblins
  3 hobgoblins
  A quokka (D:1)
  18 ball pythons
  2 bats (D:2)
  5 frilled lizards
  2 kobolds (D:2)
  30 rats
  2 butterflies (D:4)
109 creatures vanquished.

Vanquished Creatures (others)
  8 plants (D:1)
  5 withered plants (D:1)
13 creatures vanquished.

Grand Total: 122 creatures vanquished

Notes
Turn   | Place    | Note
-------+----------+-------------------------------------------
     0 | D:1      | pkoi the Troll Monk began the quest for the Orb.
     0 | D:1      | Reached XP level 1. HP: 22/22 MP: 0/0
    78 | D:1      | Found a faded altar of an unknown god.
   217 | D:1      | Reached XP level 2. HP: 29/29 MP: 1/1
   543 | D:1      | Reached skill level 4 in Unarmed Combat
   747 | D:2      | Found a shimmering altar of Xom.
   802 | D:2      | Reached XP level 3. HP: 34/36 MP: 2/2
  1402 | D:3      | Found a hide-covered altar of Uskayaw.
  1414 | D:3      | Became a worshipper of Uskayaw the Reveller
  1414 | D:3      | Reached * piety under Uskayaw
  1568 | D:3      | Found a radiant altar of Vehumet.
  1641 | D:3      | Found a broken altar of Ashenzari.
  1656 | D:3      | Reached XP level 4. HP: 44/44 MP: 3/3
  1748 | D:3      | Reached ** piety under Uskayaw
  1749 | D:3      | Reached skill level 5 in Unarmed Combat
  1757 | D:3      | Reached *** piety under Uskayaw
  1761 | D:3      | Found a glowing drain.
  1769 | Sewer    | Entered a sewer
  1842 | Sewer    | Reached XP level 5. HP: 41/50 MP: 4/4
  1854 | Sewer    | Reached **** piety under Uskayaw
  1911 | Sewer    | Reached skill level 6 in Unarmed Combat
  1934 | Sewer    | Reached ***** piety under Uskayaw
  1986 | Sewer    | Reached XP level 6. HP: 38/59 MP: 5/5
  1989 | Sewer    | Reached skill level 7 in Unarmed Combat
  2774 | D:4      | Found a staircase to the Ecumenical Temple.
  2792 | Temple   | Entered the Ecumenical Temple
  3039 | D:4      | Found a blossoming altar of Fedhas.
  3102 | D:5      | Entered Level 5 of the Dungeon
  3138 | D:5      | Slain by a wyvern skeleton

Illustrated notes

Levels and vault maps discovered:
D:1:      lemuel_arrival_broad_hall, layout_loops_ring,
          shapermc_ecumenical_altar_flowoftime
D:2:      layout_loops_ring, basic_altar, kennysheep_nub
D:3:      layout_rooms, mainiacjoe_overflow_tiny_flanked, old_standard_altar,
          nicolae_vehumet_altar_sigil, portal_sewer_entry_e
D:4:      layout_basic, fedhas_altar_fruit_tree, minmay_temple_entry_butterflies
D:5:      layout_basic, led_xom_imps
Temple:   zaba_magenta_temple

Skill      XL: |  1  2  3  4  5  6 |
---------------+-------------------+-----
Unarmed Combat | 4 5 6 7 |  7.8
Fighting       | |  2.4
Dodging        | |  2.4
Stealth        | |  1.0

Action                   |  1- 3 |  4- 6 || total
-------------------------+-------+-------++-------
Melee: Unarmed           |   111 |   132 ||   243
       Punch             |     4 |     4 ||     8
  Use: Scroll            |     1 |       ||     1
 Stab: Sleeping          |     3 |     3 ||     6
       Paralysed         |       |     7 ||     7
Armor: Robe              |    28 |    55 ||    83
Dodge: Dodged            |    31 |    76 ||   107
